 Dungeon Crawl Stone Soup version 0.21.1-1-g345015f (webtiles) character file.

149 Kingsmith the Firebug (level 5, -4/28 HPs)
             Began as a Deep Elf Fire Elementalist on May 24, 2018.
             Slain by Lurcharcal's ghost (10 damage)
             ... on level 3 of the Dungeon.
             The game lasted 00:04:26 (3228 turns).

Kingsmith the Firebug (Deep Elf Fire Elementalist)  Turns: 3228, Time: 00:04:27

Health: -4/28      AC:  2    Str:  6    XL:     5   Next: 9%
Magic:  2/11       EV: 13    Int: 20    God:
Gold:   153        SH:  0    Dex: 15    Spells: 1/10 levels left

rFire    . . .     SeeInvis .   (no weapon)
rCold    . . .     Gourm    .   (no shield)
rNeg     . . .     Faith    .   g - +0 robe
rPois    .         Spirit   .   (no helmet)
rElec    .         Reflect  .   (no cloak)
rCorr    .         Harm     .   (no gloves)
MR       .....                  (no boots)
Stlth    ++........             (no amulet)
HPRegen  0.09/turn              (no ring)
MPRegen  0.12/turn              (no ring)

@: no status effects
A: no striking features
a: no special abilities


You were on level 3 of the Dungeon.
You were not hungry.

You visited 1 branch of the dungeon, and saw 3 of its levels.

You collected 153 gold pieces.

Inventory:

Armour
 g - a +0 robe (worn)
Scrolls
 a - 3 scrolls of teleportation {unknown}
 d - 8 scrolls of identify {unknown}
 e - 4 scrolls of enchant weapon {unknown}
 i - a scroll of enchant armour {unknown}
 n - a scroll of immolation {unknown}
 p - 2 scrolls of noise {unknown}
Potions
 f - a potion of brilliance {unknown}
 h - a potion of agility {unknown}
 k - a potion of flight {unknown}
 l - a potion of magic {unknown}
 m - a potion of cancellation {unknown}
 o - a potion of degeneration {unknown}
Books
 b - a book of Flames

   Spells                             Type                      Level
   a - Flame Tongue                   Conjuration/Fire             1
   b - Throw Flame                    Conjuration/Fire             2
   c - Conjure Flame                  Conjuration/Fire             3
   d - Inner Flame                    Hexes/Fire                   3
   e - Sticky Flame                   Conjuration/Fire             4
   f - Fireball                       Conjuration/Fire             5
Comestibles
 c - a ration
 j - a chunk of flesh


   Skills:
 - Level 2.4 Dodging
 - Level 2.4 Stealth
 - Level 3.0 Spellcasting
 - Level 1.1 Conjurations
 + Level 6.4 Fire Magic


You had one spell level left.
You knew the following spells:

 Your Spells              Type           Power        Failure   Level  Hunger
a - Flame Tongue          Conj/Fire      ###..        3%          1    None
b - Throw Flame           Conj/Fire      ###...       4%          2    ##.....
c - Conjure Flame         Conj/Fire      ###.....     9%          3    ###....
d - Inner Flame           Hex/Fire       ###.....     12%         3    ###....


Dungeon Overview and Level Annotations

Branches:
Dungeon (3/15)

Altars:
Cheibriados
Gozag

Annotations:
D:3 Lurcharcal's ghost, amateur DrFi


Message History

There is an open door here.
Press: ? - help, v - describe, . - travel
Here: Lurcharcal's ghost (almost destroyed)
An open door.
Lurcharcal's ghost says, "Are you willing to die fighting?
I was!"
You see here a scale mail.
Casting: Flame Tongue
Confirm with . or Enter, or press ? or * to list all spells.
Aiming: Flame Tongue
Press: ? - help, Shift-Dir - straight line, f/p - Lurcharcal's ghost
Aim: Lurcharcal's ghost (severely damaged)
The flame tongue hits Lurcharcal's ghost.
Lurcharcal's ghost appears unharmed.
Lurcharcal's ghost is severely damaged.
Lurcharcal's ghost hits you!
* * * LOW HITPOINT WARNING * * *
The orc wizard mumbles some strange words.
The orc wizard blinks!
Lurcharcal's ghost hits you!
You die...

##.#.# ##.......## ##.###.#
#####(...###.........####...##.#
...........'.........'..o....#.#
#####...o###.........####......#
##.#.# ##.......####.......##
###.# ##.....## #.........#
#####.# ##...## ##...o...##
#.....# ##'## ##.....##
#.###########@## ##...## #.#
#......W#########.## ###.####
#.####..o.....ยง...# #......#
#.###...########### #.#.##.#
#.##.....# #.#.##.###.###...##
#.#.##.##...###.## #.#.........#
#.# #.####.##...# #.#


You could see Lurcharcal's ghost and an orc.

Vanquished Creatures
  Jessica (D:3)
  3 gnolls (D:3)
  2 adders (D:2)
  3 worms
  2 dart slugs (D:1)
  An orc (D:3)
  3 giant cockroaches
  5 goblins
  7 hobgoblins
  10 jackals
  A quokka (D:3)
  A ball python (D:2)
  11 bats
  5 frilled lizards
  2 kobolds
  4 rats
61 creatures vanquished.

Notes
Turn   | Place    | Note
-------+----------+-------------------------------------------
     0 | D:1      | Kingsmith the Deep Elf Fire Elementalist began the quest for the Orb.
     0 | D:1      | Reached XP level 1. HP: 10/10 MP: 6/6
   175 | D:1      | Reached skill level 4 in Fire Magic
   175 | D:1      | Reached XP level 2. HP: 15/15 MP: 0/8
   781 | D:1      | Reached XP level 3. HP: 19/19 MP: 2/9
  1046 | D:2      | Found a snail-covered altar of Cheibriados.
  1262 | D:2      | Found an opulent altar of Gozag.
  1301 | D:2      | Reached skill level 5 in Fire Magic
  1645 | D:2      | Reached XP level 4. HP: 24/24 MP: 7/10
  1944 | D:3      | Learned a level 2 spell: Throw Flame
  1948 | D:3      | Learned a level 3 spell: Conjure Flame
  1952 | D:3      | Learned a level 3 spell: Inner Flame
  2103 | D:3      | Reached skill level 6 in Fire Magic
  2253 | D:3      | Noticed Jessica
  2261 | D:3      | Killed Jessica
  2261 | D:3      | Reached XP level 5. HP: 21/28 MP: 7/11
  3171 | D:3      | Noticed Lurcharcal's ghost (amateur DrFi)
  3228 | D:3      | Slain by Lurcharcal's ghost

Skill      XL: |  1  2  3  4 |
---------------+-------------+-----
Fire Magic     | 4 5 6 |  6.4
Dodging        | |  2.4
Stealth        | |  2.4
Spellcasting   | |  3.0
Conjurations   | |  1.1

Action                   |  1- 3 |  4- 6 || total
-------------------------+-------+-------++-------
Melee: Unarmed           |    76 |     3 ||    79
 Cast: Flame Tongue      |    73 |    51 ||   124
       Inner Flame       |       |     2 ||     2
       Conjure Flame     |       |     1 ||     1
  Eat: Chunk             |     2 |     2 ||     4
       Ration            |       |     1 ||     1
Armor: Robe              |     5 |     3 ||     8
Dodge: Dodged            |    42 |    10 ||    52
